 Dungeon Crawl Stone Soup version 0.30-a0-12-gd8047c6341 (webtiles) character file.

Game seed: 12094955576474925102

65804 siradein the Fey Demonspawn (level 14, -19/114 (118) HPs)
             Began as a Demonspawn Fighter on Aug 23, 2022.
             Was an Initiate of Yredelemnul.
             Demolished by an orc knight
             ... wielding a +0 bardiche
              (26 damage)
             ... on level 1 of the Orcish Mines.
             The game lasted 00:53:05 (21800 turns).

siradein the Fey Demonspawn (Demonspawn Fighter)   Turns: 21800, Time: 00:53:05

HP:   -19/114 (118) AC: 27    Str: 21    XL:     14   Next: 76%
MP:   25/25         EV: 11    Int: 19    God:    Yredelemnul [......]
Gold: 1756          SH:  7    Dex: 13    Spells: 13/13 levels left

rFire   . . .      SeeInvis .    L - +5 demon whip (venom)
rCold   . . .      Faith    +    c - +0 buckler
rNeg    . . .      Spirit   .    x - +1 shadow dragon scales
rPois   .          Reflect  .    (helmet restricted)
rElec   .          Harm     .    (no cloak)
rCorr   .          Rampage  .    Q - +2 pair of gloves {Stlth+}
Will    +....                    P - +1 pair of boots of the Great Game {Int+3}
Stlth   +++++.....               G - amulet of faith
HPRegen 0.29/turn                v - +6 ring of intelligence
MPRegen 0.19/turn                m - +4 ring of protection

@: studying Shields, lightly drained
A: horns 2, demonic guardian 1, spiny 2, sturdy frame 3
a: Renounce Religion, Recall Undead Harvest


You were on level 1 of the Orcish Mines.
You worshipped Yredelemnul.
Yredelemnul was pleased with you.
You visited 3 branches of the dungeon, and saw 20 of its levels.
You also visited: Gauntlet.

You collected 1756 gold pieces.

Inventory:

Hand Weapons
 L - a +5 demon whip of venom (weapon)
Missiles
 b - 20 poisoned darts
 r - 4 throwing nets
 M - 2 javelins (quivered)
 R - 2 silver javelins
Armour
 c - a +0 buckler (worn)
 x - +1 shadow dragon scales (worn)
 P - the +1 pair of boots of the Great Game (worn) {Int+3}
   (You found it on level 11 of the Dungeon)

   Int:       It affects your intelligence (+3).
 Q - a +2 pair of gloves of stealth (worn)
Jewellery
 l - an amulet of regeneration
 m - a +4 ring of protection (right hand)
 o - the amulet "Nayloud" {Acrobat rPois rC+ Slay+3}
   (You found it on level 3 of the Dungeon)

   [amulet of the acrobat]

   It increases your evasion while moving and waiting.
   Slay:      It affects your accuracy & damage with ranged weapons and melee
   (+3).
   rC:        It protects you from cold.
   rPois:     It protects you from poison.
 p - a ring of magical power
 q - a ring of protection from fire
 v - a +6 ring of intelligence (left hand)
 y - an amulet of guardian spirit
 G - an amulet of faith (around neck)
 U - a ring of willpower
Wands
 i - a wand of quicksilver (25)
 u - a wand of charming (11)
 A - a wand of flame (6)
 B - a wand of iceblast (20)
 D - a wand of digging (5)
Scrolls
 g - 5 scrolls of fear {unknown}
 j - a scroll of brand weapon {unknown}
 n - 9 scrolls of teleportation
 s - 2 scrolls of magic mapping
 w - 4 scrolls of butterflies
 F - 2 scrolls of immolation {unknown}
 H - 4 scrolls of enchant armour
 J - 3 scrolls of amnesia
 N - 2 scrolls of blinking
Potions
 a - 3 potions of ambrosia
 d - 3 potions of might
 e - 6 potions of mutation
 f - 3 potions of lignification
 h - 4 potions of cancellation
 k - 13 potions of curing
 t - a potion of resistance
 z - 5 potions of haste
 C - 2 potions of heal wounds
 E - a potion of berserk rage {unknown}
 I - 2 potions of experience {unknown}
 K - 3 potions of brilliance {unknown}
 S - a potion of magic {unknown}
 T - a potion of flight {unknown}
Miscellaneous
 O - a condenser vane


   Skills:
 + Level 13.0 Fighting
 + Level 11.8 Maces & Flails
 + Level 11.5 Armour
 + Level 3.8 Dodging
 + Level 10.8 Shields
 + Level 15.6 Invocations
 + Level 3.9 Evocations


You had 13 spell levels left.
You didn't know any spells.
Your spell library contained the following spells:

 Spells                   Type           Power      Damage    Failure   Level
 Foxfire                  Conj/Fire      0%         2x1d4     43%         1
 Summon Small Mammal      Summ           0%         N/A       43%         1
 Blink                    Tloc           0%         N/A       56%         2
 Ensorcelled Hibernation  Hex/Ice        0%         N/A       56%         2
 Call Canine Familiar     Summ           0%         N/A       80%         3
 Conjure Flame            Conj/Fire      0%         6-21      80%         3
 Ignite Poison            Fire/Tmut/Pois 0%         N/A       80%         3
 Inner Flame              Hex/Fire       0%         N/A       80%         3
 Lesser Beckoning         Tloc           0%         N/A       80%         3
 Spider Form              Tmut/Pois      0%         N/A       80%         3
 Summon Guardian Golem    Hex/Summ       0%         N/A       80%         3
 Anguish                  Hex/Necr       0%         N/A       99%         4
 Animate Armour           Summ/Erth      0%         N/A       99%         4
 Corpse Rot               Necr/Pois/Air  0%         N/A       99%         4
 Dispel Undead            Necr           0%         3d6       99%         4
 Flame Wave               Conj/Fire      0%         2d4       99%         4
 Fulminant Prism          Conj/Hex       0%         3d6       99%         4
 Iskenderun's Mystic Bla  Conj/Tloc      0%         2d3       99%         4
 Leda's Liquefaction      Hex/Erth       0%         N/A       99%         4
 Passage of Golubria      Tloc           0%         N/A       99%         4
 Sticky Flame             Conj/Fire      0%         2d3       99%         4
 Summon Ice Beast         Ice/Summ       0%         N/A       99%         4
 Blade Hands              Tmut           0%         N/A       100%        5
 Irradiate                Conj/Tmut      0%         3d11      100%        5
 Lee's Rapid Deconstruct  Erth           0%         3d5*      100%        5
 Manifold Assault         Tloc           0%         N/A       100%        5
 Silence                  Hex/Air        0%         N/A       100%        5
 Summon Mana Viper        Hex/Summ       0%         N/A       100%        5
 Dispersal                Tloc           0%         N/A       100%        6
 Iron Shot                Conj/Erth      0%         9d1       100%        6
 Statue Form              Tmut/Erth      0%         N/A       100%        6
 Dragon Form              Tmut           0%         N/A       100%        7
 Malign Gateway           Summ/Tloc      0%         N/A       100%        7
 Monstrous Menagerie      Summ           0%         N/A       100%        7
 Lehudib's Crystal Spear  Conj/Erth      0%         10d2      100%        8
 Death Channel            Necr           Unusable   N/A       N/A         6

Dungeon Overview and Level Annotations

Branches:
Dungeon (13/15)            Temple (0/1) D:7            Lair (5/5) D:9
 Shoals (0/4) Lair:3       Spider (0/4) Lair:2        Slime (0/5) Lair:5
    Orc (2/2) D:12            Elf (0/3) Orc:2        Vaults (0/5) D:13
Gauntlet (visited)

Altars:
Kikubaaqudgha
Okawaru
Qazlal
Ru
Wu Jian
Yredelemnul
Jiyva

Shops:
Orc:2 (


Innate Abilities, Weirdness & Mutations

You have a pair of horns on your head.
A weak demonic guardian rushes to your aid.
You are mostly covered in sharp spines.
Your movements are significantly less encumbered by armour. (ER -6)


Message History

You hit the orc knight but do no damage.
The orc knight looks even sicker.
The orc knight is heavily wounded.
Unknown command.
You hit the orc knight but do no damage.
The orc knight looks as sick as possible!
The orc knight is heavily wounded.
The sun demon is struck by your spines.
The sun demon hits you but does no damage.
The orc knight hits you with a +0 bardiche.
The orc priest miscasts a cantrip.
The orc wizard barely misses you.
The orc knight hits you with a +0 long sword of protection!
The orc sorcerer hits you with a +0 dagger.
You whack the orc knight!
The orc knight looks as sick as possible!
The orc knight is severely wounded.
The ogre is struck by your spines. The ogre barely misses you.
The sun demon is struck by your spines. The sun demon hits you!
You are engulfed in flames!
Unknown command.
You are too injured to fight recklessly!
The orc knight hits you with a +0 bardiche!!
* * * LOW HITPOINT WARNING * * *
A demonic guardian appears!
The orc wizard hits you but does no damage.
The orc knight hits you but does no damage.
The orc sorcerer hits you but does no damage.
You block the sun demon's attack.
You climb upwards.
The sun demon disappears in a puff of smoke!
There is a stone staircase leading down here.
The orc wizard attacks as you move away!
You block the orc wizard's attack.
The orc wizard casts a spell.
The orc wizard flickers and vanishes!
Deactivating autopickup; reactivate with Ctrl-A.
The orc knight hits you from afar with a +0 bardiche!!
You die...
Your body rises from the dead as a mindless zombie.

##### ######## #######
.#..######...#..###.#.#.##
.....#.#........[oo......# ###
ZZZ.............o>{.#.#..###.##
.#.Z............@.O..##.ZZ.Z..#
..#.#.#..............###.ZZZ.##
....#.................#...Z###
.........................Z#.##
..ZZ#....................#Z..#
#.###..........#.)[)......ZZ###
................#..#[.........##
................).[)#....#ZZ...#
.........)........)###...Z#Z..##


You could see 2 orc knights, an orc sorcerer (strong) and an ogre.

Vanquished Creatures
  A minotaur (Gauntlet)
  A boulder beetle (Lair:5)
  A hydra (Lair:2)
  A catoblepas (Lair:5)
  6 death yaks
  A dancing weapon (D:13)
  5 two-headed ogres
  A deep troll shaman (Lair:5)
  Amaemon (D:9)
  An oklob plant (Gauntlet)
  A wolf spider (Lair:2)
  An orc sorcerer (Orc:1)
  4 black mambas
  Maurice (D:12)
  12 elephants
  An orange demon (D:9)
  6 cane toads
  An unseen horror (D:11)
  2 rime drakes
  5 komodo dragons
  6 trolls
  A polar bear (Lair:5)
  Grinder (D:5)
  17 blink frogs
  4 hornets
  A jumping spider (Lair:2)
  A snapping turtle (Lair:3)
  4 shadows (Gauntlet)
  7 wyverns
  6 hogs
  25 yaks
  2 wraiths
  5 basilisks
  A vampire (D:12)
  3 chaos spawn (Gauntlet)
  A neqoxec (Gauntlet)
  2 steam dragons
  6 vampire mosquitoes (D:12)
  A warg (Orc:1)
  4 acid dragons
  Duvessa (D:7)
  18 water moccasins
  8 orc warriors
  2 sky beasts
  An ice beast (D:7)
  3 black bears
  12 wolves
  An ogre (Orc:1)
  4 centaurs
  4 phantoms
  12 bullfrogs
  A necrophage (D:6)
  2 gnoll sergeants
  3 scorpions
  8 wights (D:8)
  Dowan (D:7)
  3 killer bees (D:9)
  2 troll zombies (D:12)
  An electric eel (Lair:3)
  2 howler monkeys
  3 hounds
  2 jellies
  5 orc priests
  Jessica (D:2)
  11 iguanas
  5 orc wizards
  5 ogre zombies (D:12)
  Robin (D:4)
  7 gnolls
  8 adders
  4 shadow imps
  2 white imps (D:7)
  2 ufetubi
  3 dart slugs
  31 orcs
  8 ball pythons
  5 bats
  5 endoplasms
  3 giant cockroaches
  11 goblins
  7 hobgoblins
  4 jackals (D:1)
  10 kobolds
  3 quokkas
  4 frilled lizards
  A goblin skeleton (D:12)
  3 goblin zombies (D:12)
  3 orc skeletons (D:12)
  10 orc zombies (D:12)
  4 rats
411 creatures vanquished.

Vanquished Creatures (collateral kills)
  An orc warlord (Orc:1)
  A spectral human (Orc:1)
  A boulder beetle (D:12)
  5 hydras
  A two-headed ogre (D:9)
  5 death yaks
  A lindwurm (Lair:5)
  An ugly thing (D:12)
  11 elephants
  4 cane toads
  5 komodo dragons
  8 blink frogs
  A culicivora (Lair:2)
  A vampire (D:12)
  9 yaks
  2 basilisks
  7 hogs
  An acid dragon (D:10)
  8 water moccasins
  3 sky beasts (D:7)
  A black bear (Lair:5)
  5 wolves
  A centaur (D:7)
  A necrophage (D:5)
  3 bullfrogs
  A troll zombie (D:12)
  A killer bee (D:7)
  A howler monkey (D:9)
  An electric eel (Lair:3)
  4 iguanas
  4 orc wizards
  A howler monkey simulacrum (D:9)
  5 orcs (Orc:1)
  A goblin zombie (D:12)
  An orc skeleton (D:12)
  7 orc zombies
  2 bushes
116 creatures vanquished.

Vanquished Creatures (others)
  A cane toad zombie (Lair:5)
  A hornet zombie (D:9)
  2 elephant zombies
  3 blink frog zombies (Lair:4)
  A hog zombie (Orc:1)
  3 spectral chaos spawn (Gauntlet)
  3 wyvern zombies
  5 water moccasin zombies
  6 yak zombies (D:9)
  A troll zombie (D:9)
  3 wolf zombies (Lair:5)
  3 bullfrog zombies
  A centaur zombie (D:9)
  A basilisk zombie (D:9)
  A black bear zombie (Lair:5)
  An acid dragon zombie (Gauntlet)
  An elf zombie (D:7)
  A jelly zombie (D:5)
  2 spectral shadow imps (D:8)
  3 gnoll zombies (D:9)
  15 orc zombies
  A spectral ufetubus (D:6)
  60 fungi
  71 plants
  14 withered plants (Gauntlet)
204 creatures vanquished.

Grand Total: 731 creatures vanquished

Notes
Turn   | Place    | Note
-------+----------+-------------------------------------------
     0 | D:1      | siradein the Demonspawn Fighter began the quest for the
                  | Orb.
     0 | D:1      | Reached XP level 1. HP: 18/18 MP: 1/1
     4 | D:1      | Got the Reference Book on the Planar Flock
   213 | D:1      | Gained mutation: Your movements are slightly less
                  | encumbered by armour. (ER -2) [demonic ancestry]
   213 | D:1      | Reached XP level 2. HP: 7/24 MP: 2/2
   495 | D:1      | Gained mutation: You are partially covered in sharp spines.
                  | [demonic ancestry]
   495 | D:1      | Reached XP level 3. HP: 4/29 MP: 3/3
   864 | D:1      | Found a faded altar of an unknown god.
   864 | D:1      | Noticed an orange demon
  1615 | D:2      | Reached XP level 4. HP: 37/37 MP: 4/4
  1716 | D:2      | Noticed Jessica
  1731 | D:2      | Killed Jessica
  2661 | D:3      | Found an iron altar of Okawaru.
  2702 | D:3      | Identified the amulet "Nayloud" {Acrobat rPois rC+ Slay+3}
  3276 | D:4      | Noticed Robin
  3303 | D:4      | Gained mutation: You have a pair of small horns on your
                  | head. [demonic ancestry]
  3303 | D:4      | Reached XP level 5. HP: 38/42 MP: 5/5
  3357 | D:4      | Killed Robin
  3913 | D:4      | Found a basalt altar of Yredelemnul.
  3958 | D:4      | Became a worshipper of Yredelemnul the Dark
  3996 | D:5      | Entered Level 5 of the Dungeon
  4020 | D:5      | Reached skill level 1 in Invocations
  4020 | D:5      | Reached XP level 6. HP: 31/49 MP: 6/6
  4156 | D:5      | Reached * piety under Yredelemnul
  4202 | D:5      | Reached skill level 2 in Invocations
  4381 | D:5      | Reached skill level 5 in Fighting
  4518 | D:5      | Gained mutation: You have a pair of horns on your head.
                  | [demonic ancestry]
  4518 | D:5      | Reached XP level 7. HP: 37/56 MP: 9/9
  4737 | D:5      | Reached skill level 3 in Invocations
  4848 | D:5      | Noticed Grinder
  4855 | D:5      | Reached ** piety under Yredelemnul
  4868 | D:5      | Killed Grinder
  4869 | D:5      | Reached skill level 4 in Invocations
  5358 | D:6      | Gained mutation: You are mostly covered in sharp spines.
                  | [demonic ancestry]
  5358 | D:6      | Reached XP level 8. HP: 64/64 MP: 11/11
  5372 | D:6      | Found an ornate altar of the Wu Jian Council.
  5421 | D:6      | Reached skill level 5 in Maces & Flails
  5511 | D:6      | Reached skill level 5 in Invocations
  5611 | D:6      | Found a stormy altar of Qazlal.
  6029 | D:7      | Noticed Dowan
  6036 | D:7      | Noticed Duvessa
  6045 | D:7      | Killed Duvessa
  6046 | D:7      | Reached skill level 6 in Invocations
  6057 | D:7      | Your ally Duvessa died
  6060 | D:7      | Killed Dowan
  6159 | D:7      | Reached skill level 5 in Armour
  6549 | D:7      | Reached XP level 9. HP: 71/71 MP: 13/13
  6552 | D:7      | Reached *** piety under Yredelemnul
  6648 | D:7      | Reached skill level 7 in Invocations
  6771 | D:7      | Reached **** piety under Yredelemnul
  6773 | D:7      | Reached ***** piety under Yredelemnul
  6857 | D:7      | Found a staircase to the Ecumenical Temple.
  7252 | D:8      | Found an ancient bone altar of Kikubaaqudgha.
  7252 | D:8      | Found a sacrificial altar of Ru.
  7334 | D:8      | Reached skill level 8 in Invocations
  7435 | D:8      | Noticed a two-headed ogre
  7451 | D:8      | Killed a two-headed ogre
  7453 | D:8      | Gained mutation: Your movements are less encumbered by
                  | armour. (ER -4) [demonic ancestry]
  7453 | D:8      | Reached XP level 10. HP: 75/80 MP: 16/16
  8120 | D:9      | Reached skill level 9 in Invocations
  8207 | D:9      | Found a staircase to the Lair.
  8837 | D:9      | Reached skill level 10 in Invocations
  8980 | D:9      | Noticed a two-headed ogre
  8985 | D:9      | Killed a two-headed ogre
  9235 | D:9      | Gained mutation: A weak demonic guardian rushes to your
                  | aid. [demonic ancestry]
  9235 | D:9      | Reached XP level 11. HP: 38/89 MP: 18/18
  9581 | D:9      | Noticed a two-headed ogre
  9586 | D:9      | Noticed Amaemon
  9891 | D:9      | Killed Amaemon
 10015 | D:9      | Reached skill level 11 in Invocations
 10104 | D:9      | Killed a two-headed ogre
 10368 | D:10     | Entered Level 10 of the Dungeon
 10382 | D:10     | Noticed a two-headed ogre
 10388 | D:10     | Killed a two-headed ogre
 10389 | D:10     | Reached skill level 10 in Fighting
 10714 | D:10     | Noticed a two-headed ogre
 10725 | D:10     | Killed a two-headed ogre
 11442 | D:11     | Reached skill level 12 in Invocations
 11563 | D:11     | Noticed a four-headed hydra
 11569 | D:11     | Killed a four-headed hydra
 11681 | D:11     | Identified the +1 pair of boots of the Great Game {Int+3}
 11691 | D:11     | Noticed a four-headed hydra
 11696 | D:11     | Killed a four-headed hydra
 11989 | D:11     | Identified a scroll of acquirement
 12060 | Lair:1   | Entered Level 1 of the Lair of Beasts
 12068 | Lair:1   | Gained mutation: Your movements are significantly less
                  | encumbered by armour. (ER -6) [demonic ancestry]
 12068 | Lair:1   | Reached XP level 12. HP: 92/99 MP: 21/21
 12079 | Lair:1   | Acquired a manual of Shields
 12255 | Lair:1   | Noticed a seven-headed hydra
 12263 | Lair:1   | Killed a seven-headed hydra
 12858 | Lair:1   | Reached ****** piety under Yredelemnul
 12858 | Lair:1   | Reached skill level 5 in Shields
 13227 | Lair:1   | Reached skill level 10 in Maces & Flails
 13557 | Lair:1   | Reached skill level 13 in Invocations
 13763 | Lair:2   | Noticed an eight-headed hydra
 13770 | Lair:2   | Killed an eight-headed hydra
 13787 | Lair:2   | Found a gate leading to a gauntlet.
 13797 | Gauntlet | Entered a Gauntlet
 13797 | Gauntlet | Found a transporter.
 13929 | Gauntlet | Found a transporter.
 13944 | Gauntlet | Found a transporter.
 13949 | Gauntlet | Found a transporter.
 13969 | Gauntlet | Found a transporter.
 13983 | Gauntlet | Found a transporter.
 13992 | Gauntlet | Noticed a blizzard demon
 13995 | Gauntlet | Found a transporter.
 14007 | Gauntlet | Found a transporter.
 14019 | Gauntlet | Found a transporter.
 14029 | Gauntlet | Noticed a dire elephant
 14031 | Gauntlet | Found a transporter.
 14048 | Gauntlet | Found a transporter.
 14066 | Gauntlet | Found a transporter.
 14068 | Gauntlet | Found a transporter.
 14094 | Gauntlet | Found a transporter.
 14096 | Gauntlet | Found a transporter.
 14118 | Gauntlet | Found a transporter.
 14118 | Gauntlet | Found a transporter.
 14222 | Gauntlet | Found a transporter.
 14820 | Gauntlet | Noticed a minotaur
 14835 | Gauntlet | Killed a minotaur
 15012 | Lair:2   | Reached skill level 10 in Armour
 15070 | Lair:2   | Reached XP level 13. HP: 106/106 MP: 23/23
 15413 | Lair:2   | Found a hole to the Spider Nest.
 16009 | Lair:3   | Reached skill level 14 in Invocations
 17000 | Lair:3   | Found a staircase to the Shoals.
 17479 | Lair:4   | Got Ryixoaz's Precepts of the Rocks
 18051 | Lair:5   | Entered Level 5 of the Lair of Beasts
 18067 | Lair:5   | Found a viscous altar of Jiyva.
 18080 | Lair:5   | Found a staircase to the Slime Pits.
 18252 | Lair:5   | Reached skill level 1 in Evocations
 18307 | Lair:5   | Reached skill level 1 in Dodging
 18314 | Lair:5   | Reached XP level 14. HP: 109/116 MP: 25/25
 18418 | Lair:5   | Reached skill level 15 in Invocations
 18959 | Lair:5   | Reached skill level 10 in Shields
 19428 | D:12     | You fall into a shaft and drop 1 floor!
 19491 | D:13     | Found a gate to the Vaults.
 19669 | D:12     | Found a staircase to the Orcish Mines.
 19795 | D:12     | Noticed Maurice
 19807 | D:12     | Killed Maurice
 20074 | D:12     | Noticed Kirke
 20081 | D:12     | Killed Kirke
 20081 | D:12     | Enslaved Kirke
 20555 | Orc:1    | Entered Level 1 of the Orcish Mines
 20973 | Orc:2    | Entered Level 2 of the Orcish Mines
 20973 | Orc:2    | Found a staircase to the Elven Halls.
 20983 | Orc:2    | Noticed an orc warlord
 20984 | Orc:2    | Found Qov Utan's Antique Weapon Shop.
 21447 | Orc:1    | Killed an orc warlord
 21449 | Orc:1    | Your ally Kirke died
 21800 | Orc:1    | Demolished by an orc knight

Illustrated notes

Levels and vault maps discovered:
D:1:      ebering_trefoil_3fold, layout_loops_ring,
          dreamdust_ecumenical_altar_sealed_demon, fountainhead,
          grunt_decor_resistance
D:2:      layout_basic, serial_aquarium, aquarium_bridge_long_joined
          [aquarium_subvault_balcony, aquarium_subvault_wall,
          aquarium_subvault_window, aquarium_subvault_wall,
          aquarium_subvault_bridge, aquarium_subvault_window],
          aquarium_bridge_straight [aquarium_subvault_bridge,
          aquarium_subvault_wall, aquarium_subvault_bridge,
          aquarium_subvault_wall], aquarium_window_1, aquarium_window_corner,
          aquarium_window_2, aquarium_view_2a, aquarium_view_2c,
          minmay_surrounded, uniq_jessica
D:3:      layout_basic, okawaru_trees_1
D:4:      layout_rooms, lemuel_round_altar, serial_curves, eino_curves_03,
          eino_curves_02, uniq_robin
D:5:      layout_gridville, uniq_grinder
D:6:      layout_gridville, nicolae_qazlal_eye_of_the_storm,
          kennysheep_little_box, columned_hall_lemuel
D:7:      minmay_bubble_buster, layout_loops_ring, minmay_temple_entry_poolview,
          minivault_10, uniq_duvessa
D:8:      layout_basic, amethyst_overflow_temple_binary
D:9:      layout_loops_ring, minmay_lair_entry_grove, minmay_three_doors,
          uniq_amaemon
D:10:     layout_cave_pods
D:11:     layout_basic, elyvilon_altar_4
D:12:     layout_cave_pods, zombieorc2_lemuel, uniq_maurice, uniq_kirke
D:13:     layout_big_octagon, erik_vaults_1, xom_teletrap_fun, uniq_erolcha,
          uniq_urug, uniq_azrael
Lair:1:   layout_cellular_growth, nzn_random_ring, grunt_megastairs_1,
          infiniplex_staircase_pool
Lair:2:   beast_lair_carwin_large_4, layout_concentric_octagons,
          spider_nest_entry_funnel_web, gauntlet_entry_generic, st_stairs_7
Lair:3:   layout_layer_cave, minmay_shoals_entry_hut,
          nicolae_lair_grove_arrangements
Lair:4:   statuecave_lemuel, layout_regular_city
Lair:5:   grunt_lair_end_beastmaster, layout_gridlike, slime_entry_1,
          infiniplex_staircase_pool_2, grunt_megastairs_4
Orc:1:    layout_caves
Orc:2:    grunt_orc_gardens, layout_caves, grunt_orc_garden, grunt_orc_garden,
          grunt_orc_garden, grunt_orc_garden, nicolae_orc_bridge_out,
          uniq_saint_roka

Skill      XL: |  1  2  3  4  5  6  7  8  9 10 11 12 13 14 |
---------------+-------------------------------------------+-----
Maces & Flails | 2 3 4 6 7 8 9 10 11 | 11.8
Shields        | 3 4 7 9 10 | 10.8
Fighting       | 4 5 6 8 9 10 11 12 13 | 13.0
Invocations    | 1 2 4 6 8 10 12 13 14 15 | 15.6
Armour         | 3 5 6 7 9 10 11 | 11.5
Evocations     | 1 3 |  3.9
Dodging        | 1 3 |  3.8

Action                   |  1- 3 |  4- 6 |  7- 9 | 10-12 | 13-15 || total
-------------------------+-------+-------+-------+-------+-------++-------
Melee: Flail             |    86 |    94 |   154 |   128 |       ||   462
       Headbutt          |       |     6 |    35 |   102 |   162 ||   305
       Demon whip        |       |       |       |   270 |   565 ||   835
Throw: Stone             |       |       |     5 |     1 |       ||     6
Invok: Recall Undead Har |       |       |       |     1 |     6 ||     7
       Bind Soul         |       |       |       |     1 |     2 ||     3
       Drain Life        |       |       |       |       |     2 ||     2
Evoke: Wand              |       |       |       |       |     1 ||     1
  Use: Scroll            |       |       |    10 |     6 |    16 ||    32
 Stab: Sleeping          |       |     2 |     6 |    18 |    19 ||    45
       Distracted        |       |     1 |       |     5 |     8 ||    14
Armor: Scale mail        |    39 |    16 |       |       |       ||    55
       Plate armour      |       |     7 |       |       |       ||     7
       Shadow dragon sca |       |     8 |    97 |   179 |   234 ||   518
Dodge: Dodged            |    46 |    38 |    79 |   154 |   165 ||   482
Block: Buckler           |    33 |    25 |    32 |    77 |   124 ||   291

Table legend: (Time is in decaauts)
 A = Elapsed time spent in this place.
 B = Non-inter-level travel time spent in this place.
 C = Inter-level travel time spent in this place.
 D = Time resting spent in this place.
 E = Time spent auto-exploring this place.
 F = Levels seen in this place.
 G = Mean time per level.
                   A        B        C        D        E       F      G
               +--------+--------+--------+--------+--------+-----+--------+
         Total |  23704 |  22772 |    932 |   1278 |  18286 |  21 | 1128.8 |
       Dungeon |  14424 |  13794 |    630 |    329 |  11687 |  13 | 1109.5 |
          Lair |   6913 |   6669 |    244 |      0 |   5782 |   5 | 1382.6 |
  Orcish Mines |   1303 |   1246 |     57 |    671 |    377 |   2 |  651.5 |
      Gauntlet |   1063 |   1063 |      0 |    278 |    438 |   1 | 1063.0 |
               +--------+--------+--------+--------+--------+-----+--------+

Top non-repeatable levels by time:
     D:9: 2519 daAuts
  Lair:1: 1878 daAuts
  Lair:3: 1518 daAuts
     D:5: 1497 daAuts
     D:1: 1483 daAuts
     D:7: 1425 daAuts
  Lair:5: 1365 daAuts
   Orc:1: 1266 daAuts
    D:12: 1164 daAuts
    D:10: 1155 daAuts
  Lair:4: 1099 daAuts
Gauntlet: 1063 daAuts
  Lair:2: 1052 daAuts
     D:2: 996 daAuts
     D:8: 954 daAuts
